 Dungeon Crawl Stone Soup version 0.17-a0-1769-g54adf96 (webtiles) character file.

1348 Izanagi the Covered (level 8, -1/73 HPs)
             Began as a Hill Orc Fighter on Sept 6, 2015.
             Was a Follower of Beogh.
             Slain by a polar bear (17 damage)
             ... created by the rage of Trog
             ... on level 6 of the Dungeon on Sept 7, 2015.
             The game lasted 00:29:00 (4338 turns).

Izanagi the Covered (Hill Orc Fighter)              Turns: 4338, Time: 00:29:00

Health: -1/73      AC: 14    Str: 21    XL:     8   Next: 63%
Magic:  8/8        EV:  5    Int:  8    God:    Beogh [*.....]
Gold:   219        SH: 13    Dex: 10    Spells: 0 memorised, 7 levels left

rFire  . . .     SeeInvis .     a - +1 war axe
rCold  + . .     Clarity  .     b - +1 scale mail
rNeg   . . .     SustAt   .     v - +2 shield
rPois  .         Gourm    .     (no helmet)
rElec  .         Spirit   .     (no cloak)
rCorr  .         Warding  .     (no gloves)
rMut   .         Stasis   .     E - +0 pair of boots
MR     .....                    (no amulet)
Stlth  ..........               G - ring of protection from cold
                                i - +4 ring of protection

@: constricted, not resistant to hostile enchantments, extremely unstealthy
A: no striking features
a: Renounce Religion


You were on level 6 of the Dungeon.
You worshipped Beogh.
Beogh was aware of your devotion.
You were not hungry.

You visited 1 branch of the dungeon, and saw 6 of its levels.

You collected 219 gold pieces.

Inventory:

Hand weapons
 a - a +1 war axe (weapon)
Missiles
 e - 22 poisoned needles
Armour
 b - a +1 scale mail (worn)
 c - a +0 shield
 l - a +0 plate armour
 o - a +2 buckler
 v - a +2 shield (worn)
 E - a +0 pair of boots (worn)
Jewellery
 i - a +4 ring of protection (left hand)
 G - a ring of protection from cold (right hand)
Magical devices
 x - a wand of enslavement (9)
 y - a wand of random effects (31)
 D - a wand of enslavement (12)
Scrolls
 f - 3 scrolls of remove curse
 g - a scroll of recharging
 m - 3 scrolls of teleportation
 r - a scroll of amnesia {unknown}
 s - a scroll of immolation {unknown}
 u - 4 scrolls of random uselessness
 w - 2 scrolls of magic mapping
 A - a scroll of fear {unknown}
 C - a scroll of fog {unknown}
Potions
 d - a potion of might
 h - a potion of haste
 j - a potion of resistance
 n - a potion of magic {unknown}
 p - a potion of degeneration
 q - a potion of curing
 t - a potion of brilliance {unknown}
 z - a potion of cure mutation
 F - a potion of berserk rage {unknown}
Comestibles
 k - a bread ration
 B - a meat ration


   Skills:
 * Level 7.0 Fighting
 + Level 6.5 Axes
 * Level 7.3 Armour
 + Level 6.1 Shields
 + Level 0.2 Evocations


You had 7 spell levels left.
You didn't know any spells.

Dungeon Overview and Level Annotations

Branches:
Dungeon (6/15)
 Temple: D:4-7

Altars:
Qazlal
Ru
Trog

Portals:
Sewer: D:6


Message History

The polar bear barely misses you.
The polar bear claws you but does no damage.
You barely miss the ball python. You completely miss the polar bear.
You barely miss the polar bear.
You hit the polar bear but do no damage.
You hit the polar bear.
The polar bear is lightly wounded.
You completely miss the polar bear. The polar bear bites you!
The polar bear claws you. The polar bear barely misses you.
The polar bear bites you!!
* * * LOW HITPOINT WARNING * * *
The polar bear barely misses you.
The polar bear claws you but does no damage.
The polar bear bites you but does no damage.
The polar bear claws you but does no damage. x2
You block the ball python's attack. The ball python constricts you.
You block the polar bear's attack.
The polar bear claws you but does no damage.
You block the polar bear's attack. The polar bear bites you!
You die...

## ###### #≈≈
#≈≈≈.#
#≈∩≈#≈h≈.##
#≈≈≈S@hh..#
####hhh...#
#≈≈≈h≈≈...#
#.≈.......#
#.≈≈...††.#
#......†..#
#########[#
#.############
#.............


You could see 5 polar bears, 2 black bears and a ball python.

Vanquished Creatures
  The ghost of Oddball22 the Digger, an experienced GrEE of Qazlal (D:4)
  Grinder (D:4)
  The ghost of Illiel the Shooter, an average HEAM of Okawaru (D:5)
  Eustachio (D:4)
  Duvessa (D:4)
  A giant frog (D:3)
  Dowan (D:4)
  The ghost of Illiel the Shooter, a weakling HEAM (D:3)
  A hound (D:4)
  Natasha (thrice) (D:4)
  4 worker ants
  A hound zombie (D:3)
  8 adders
  2 river rats (D:6)
  An ooze (D:4)
  An adder skeleton (D:5)
  4 worms
  6 giant geckos
  8 orcs
  4 ball pythons
  3 giant cockroaches
  4 goblins
  3 hobgoblins
  11 jackals
  8 bats
  2 giant newts
  6 kobolds
  9 rats
97 creatures vanquished.

Vanquished Creatures (others)
  An adder (D:4)
  2 orcs (D:4)
  A giant cockroach (D:4)
4 creatures vanquished.

Grand Total: 101 creatures vanquished

Notes
Turn   | Place    | Note
--------------------------------------------------------------
     0 | D:1      | Izanagi the Hill Orc Fighter began the quest for the Orb.
     0 | D:1      | Reached XP level 1. HP: 19/19 MP: 1/1
    86 | D:1      | Reached XP level 2. HP: 20/27 MP: 2/2
   395 | D:1      | Upgraded the game from 0.17-a0-1767-gccbed74 to 0.17-a0-1769-g54adf96
   980 | D:2      | Reached skill level 4 in Fighting
  1064 | D:2      | Reached XP level 3. HP: 33/33 MP: 3/3
  1096 | D:2      | Found a bloodstained altar of Trog.
  1113 | D:2      | Became a worshipper of Trog the Wrathful
  1214 | D:2      | Reached XP level 4. HP: 33/40 MP: 4/4
  1835 | D:3      | Noticed a giant frog
  1851 | D:3      | Killed a giant frog
  1851 | D:3      | Reached skill level 5 in Armour
  1851 | D:3      | Reached XP level 5. HP: 32/47 MP: 5/5
  1913 | D:3      | Acquired Trog's first power
  1994 | D:3      | Noticed Illiel's ghost (weakling HEAM)
  2003 | D:3      | Killed Illiel's ghost
  2040 | D:3      | Reached skill level 5 in Fighting
  2054 | D:3      | Reached XP level 6. HP: 54/56 MP: 6/6
  2377 | D:3      | Found a faded altar to an unknown god.
  2456 | D:4      | Fell from the grace of Trog
  2456 | D:4      | Became a worshipper of Beogh the Brigand
  2574 | D:4      | Noticed Natasha
  2587 | D:4      | Killed Natasha
  2631 | D:4      | Noticed Oddball22's ghost (experienced GrEE)
  2644 | D:4      | Killed Oddball22's ghost
  2644 | D:4      | Reached skill level 6 in Armour
  2644 | D:4      | Reached XP level 7. HP: 61/61 MP: 7/7
  2659 | D:4      | Noticed Natasha
  2663 | D:4      | Killed Natasha
  2900 | D:4      | Noticed Duvessa
  2900 | D:4      | Noticed Dowan
  2912 | D:4      | Killed Dowan
  2918 | D:4      | Killed Duvessa
  2918 | D:4      | Reached skill level 5 in Axes
  2918 | D:4      | Reached skill level 5 in Shields
  2926 | D:4      | Noticed Grinder
  2928 | D:4      | Paralysed by Grinder for 2 turns
  2946 | D:4      | Paralysed by Grinder for 5 turns
  2959 | D:4      | Killed Grinder
  2959 | D:4      | Reached XP level 8. HP: 21/70 MP: 8/8
  3180 | D:4      | Noticed Natasha
  3183 | D:4      | Killed Natasha
  3254 | D:4      | Reached skill level 7 in Armour
  3396 | D:4      | Noticed Eustachio
  3426 | D:4      | Killed Eustachio
  3561 | D:5      | Entered Level 5 of the Dungeon
  3618 | D:5      | Noticed Illiel's ghost (average HEAM)
  3644 | D:5      | Killed Illiel's ghost
  4243 | D:6      | Found a stormy altar of Qazlal.
  4243 | D:6      | Found a sacrificial altar of Ru.
  4315 | D:6      | Acquired Beogh's first power
  4333 | D:6      | Found a glowing drain.
  4336 | D:6      | Noticed a polar bear
  4336 | D:6      | Noticed a polar bear
  4336 | D:6      | Noticed a polar bear
  4336 | D:6      | Noticed a polar bear
  4336 | D:6      | Noticed a polar bear
  4338 | D:6      | Slain by a polar bear

Vault maps used:
D:1:      dpeg_arrival_tiny_d
D:2:      lemuel_doored_altar, grunt_ministairs_2
D:3:      ecumenical_altar_1, first_bread
D:4:      guppyfry_early_orc_mine, uniq_duvessa, uniq_eustachio, uniq_grinder,
          uniq_natasha
D:6:      lemuel_ratsnest, gammafunk_temple_overflow_pools, portal_sewer_entry_e

Action                   |  1- 3 |  4- 6 |  7- 9 || total
-------------------------+-------+-------+-------++-------
Melee: War axe           |    86 |   128 |   196 ||   410
Invok: Convert to Beogh  |       |     1 |       ||     1
Evoke: Wand              |       |       |     1 ||     1
  Use: Scroll            |     7 |     3 |     3 ||    13
       Potion            |       |       |     2 ||     2
  Eat: Bread ration      |     1 |       |       ||     1
       Meat ration       |       |     1 |       ||     1
       Pizza             |       |       |     1 ||     1
       Beef jerky        |       |       |     1 ||     1
